 Dungeon Crawl Stone Soup version 0.18-a0-1418-ga86aa8f (webtiles) character file.

115 Tomstefer the Firebug (level 5, 0/28 HPs)
             Began as a Gargoyle Fire Elementalist on Feb 26, 2016.
             Slain by a goblin
             ... wielding a +0 dagger
             ... led by Robin
              (1 damage)
             ... on level 3 of the Dungeon.
             The game lasted 00:06:18 (2927 turns).

Tomstefer the Firebug (Gargoyle Fire Elementalist)  Turns: 2927, Time: 00:06:18

Health: 0/28       AC:  6    Str: 12    XL:     5   Next: 0%
Magic:  7/8        EV: 12    Int: 16    God:
Gold:   39         SH:  0    Dex: 10    Spells: 2 memorised, 4 levels left

rFire  . . .     SeeInvis .     e - -2 spear (curse)
rCold  . . .     Gourm    .     a - +0 robe
rNeg   + . .     Faith    .     (no shield)
rPois  ∞         Spirit   .     (no helmet)
rElec  +         Dismiss  .     (no cloak)
rCorr  .         Reflect  .     (no gloves)
SustAt .         Harm     .     (no boots)
MR     .....                    (no amulet)
Stlth  ++........               (no ring)
                                (no ring)

@: not resistant to hostile enchantments, unstealthy
A: negative energy resistance 1, electricity resistance, unbreathing,
petrification resistance, rot immunity, AC +4
a: no special abilities


You were on level 3 of the Dungeon.
You were very hungry.

You visited 1 branch of the dungeon, and saw 3 of its levels.

You collected 39 gold pieces.

Inventory:

Hand Weapons
 e - a cursed -2 spear (weapon)
 m - a +0 spear
 q - a cursed -1 mace
Armour
 a - a +0 robe (worn)
Wands
 f - a wand of lightning (9/15)
Scrolls
 k - a scroll of fog
 l - a scroll of amnesia
 r - 2 scrolls of identify
Potions
 g - 2 potions of agility {unknown}
 h - a potion of mutation {unknown}
 i - 3 potions of curing {unknown}
 j - a potion of might {unknown}
 o - a potion of haste {unknown}
 p - a potion of lignification {unknown}
Books
 b - a book of Flames

   Spells                             Type                      Level
   a - Flame Tongue                   Conjuration/Fire             1
   b - Throw Flame                    Conjuration/Fire             2
   c - Conjure Flame                  Conjuration/Fire             3
   d - Inner Flame                    Hexes/Fire                   3
   e - Sticky Flame                   Conjuration/Fire             4
   f - Fireball                       Conjuration/Fire             5
Comestibles
 c - 3 bread rations
 d - a beef jerky
 n - 2 meat rations


   Skills:
 - Level 1.5 Dodging
 - Level 2.1 Stealth
 - Level 2.0 Spellcasting
 + Level 3.4 Conjurations
 + Level 4.4 Fire Magic


You had 4 spell levels left.
You knew the following spells:

 Your Spells              Type           Power        Failure   Level  Hunger
a - Flame Tongue          Conj/Fire      ##...        6%          1    #......
b - Conjure Flame         Conj/Fire      ##......     14%         3    ###....


Dungeon Overview and Level Annotations

Branches:
Dungeon (3/15)

Altars:
Okawaru
Qazlal


Innate Abilities, Weirdness & Mutations

You are resistant to torment.
Your stone body is resilient (AC +4).
You are immune to poison.
You resist negative energy.
You are resistant to electric shocks.
You can survive without breathing.
You are immune to petrification.
You are immune to rotting.


Message History

The kobold barely misses you.
You closely miss the hobgoblin.
The howler monkey hits you but does no damage.
The howler monkey bites you but does no damage.
The hobgoblin hits you but does no damage.
The goblin hits you but does no damage. The goblin closely misses you.
The goblin misses you.
The goblin hits you but does no damage. x2
The kobold hits you but does no damage.
The howler monkey hits you but does no damage.
The howler monkey bites you but does no damage.
You hit the hobgoblin but do no damage.
The goblin hits you but does no damage. x2
The hobgoblin closely misses you. The goblin hits you but does no damage.
The goblin misses you. The goblin closely misses you.
The howler monkey hits you.
* * * LOW HITPOINT WARNING * * *
The howler monkey bites you but does no damage.
The kobold completely misses you.
You barely miss the hobgoblin.
The goblin hits you but does no damage. x2
The goblin hits you with a dagger.
You die...

###..........#.#
#............#.# ..
#............#.# .#.#
#.......)....#.# ...
#.....##'###.#.####.###.
#.......b..#.#.........
##....######..b......#
#.....hgg..###.......#
#....bK@gg...#.......#
#.....ggg....##.....^#
#......g...####......#
#####+#....# #......#
#...... #......###
........#.........
........##........
........##........
.........##........


You could see a howler monkey, 2 hobgoblins, 6 goblins, a bat and a kobold.

Vanquished Creatures
  Terence (D:1)
  3 adders (D:2)
  2 worms
  3 dart slugs
  A giant gecko (D:3)
  A ball python (D:1)
  A giant cockroach (D:2)
  10 goblins
  8 hobgoblins
  A quokka (D:2)
  A bat (D:2)
  3 giant newts
  7 kobolds
  8 rats
50 creatures vanquished.

Notes
Turn   | Place    | Note
--------------------------------------------------------------
     0 | D:1      | Tomstefer the Gargoyle Fire Elementalist began the quest for the Orb.
     0 | D:1      | Reached XP level 1. HP: 10/10 MP: 3/3
   286 | D:1      | Reached XP level 2. HP: 15/15 MP: 3/5
   931 | D:2      | Reached XP level 3. HP: 13/19 MP: 0/6
  1336 | D:2      | Found an iron altar of Okawaru.
  1412 | D:2      | Noticed Terence
  1436 | D:1      | Killed Terence
  1436 | D:1      | Reached skill level 4 in Fire Magic
  1436 | D:1      | Reached XP level 4. HP: 22/24 MP: 0/7
  1617 | D:2      | Found a stormy altar of Qazlal.
  2066 | D:2      | Learned a level 3 spell: Conjure Flame
  2923 | D:3      | Reached XP level 5. HP: 9/28 MP: 6/8
  2926 | D:3      | HP: 1/28 [howler monkey (2)]
  2927 | D:3      | Slain by a goblin

Vault maps used:
D:1:      ncdulo_lavacross, nrook_loot_triangle
D:2:      old_standard_altar, okawaru_metal_pillars_1_2, uniq_terence
D:3:      uniq_robin

Skill      XL: |  1  2  3  4 |
---------------+-------------+-----
Conjurations   | 2 3 |  3.4
Fire Magic     | 4 |  4.4
Dodging        | |  1.5
Stealth        | |  2.1
Spellcasting   | |  2.0

Action                   |  1- 3 |  4- 6 || total
-------------------------+-------+-------++-------
Melee: Spear             |    12 |    35 ||    47
 Cast: Flame Tongue      |    39 |    57 ||    96
       Conjure Flame     |       |     1 ||     1
  Use: Scroll            |     5 |     1 ||     6
  Eat: Chunk             |     2 |     5 ||     7
